 Dungeon Crawl Stone Soup version 0.23-a0-629-gae4348f (webtiles) character file.

174 KnightedAnt the Skirmisher (level 5, -1/42 HPs)
             Began as a Formicid Abyssal Knight on Dec 24, 2018.
             Was a Believer of Lugonu.
             Killed by nerve-wracking pain
             ... invoked by Grinder
              (14 damage)
             ... on level 3 of the Dungeon.
             The game lasted 00:05:39 (3260 turns).

KnightedAnt the Skirmisher (FoAK)                   Turns: 3260, Time: 00:05:40

Health: -1/42      AC:  3    Str: 18    XL:     5   Next: 84%
Magic:  7/7        EV: 11    Int: 11    God:    Lugonu [**....]
Gold:   225        SH:  4    Dex: 10    Spells: 4/4 levels left

rFire    . . .     SeeInvis +   l - +2 dagger (venom)
rCold    . . .     Gourm    .   f - +0 buckler (curse)
rNeg     . . .     Faith    .   b - +0 leather armour
rPois    .         Spirit   .   (helmet unavailable)
rElec    .         Reflect  .   (no cloak)
rCorr    .         Harm     .   (no gloves)
MR       .....                  (no boots)
Stlth    +.........             (no amulet)
HPRegen  0.14/turn              (no ring)
MPRegen  0.10/turn              (no ring)

@: no status effects
A: permanent stasis, dig shafts and tunnels, four strong arms, antennae 3
a: Dig, Shaft Self, Depart the Abyss, Bend Space, Renounce Religion


You were on level 3 of the Dungeon.
You worshipped Lugonu.
Lugonu was pleased with you.
You were hungry.

You visited 1 branch of the dungeon, and saw 3 of its levels.
You visited the Abyss 1 time.

You collected 225 gold pieces.

Inventory:

Hand Weapons
 a - a +1 falchion
 g - a +0 spear of venom
 l - a +2 dagger of venom (weapon)
Armour
 b - a +0 leather armour (worn)
 f - a cursed +0 buckler (worn)
Jewellery
 k - an uncursed amulet of faith {unknown}
Wands
 p - a wand of digging (5)
Scrolls
 e - 4 scrolls of identify {unknown}
 i - 5 scrolls of remove curse {unknown}
 j - a scroll of magic mapping {unknown}
 o - a scroll of enchant armour {unknown}
 q - a scroll of amnesia {unknown}
Potions
 d - a potion of resistance {unknown}
 m - a potion of agility {unknown}
 n - a potion of mutation {unknown}
Comestibles
 c - 4 rations


   Skills:
 + Level 4.2 Fighting
 + Level 3.0 Long Blades
 + Level 3.3 Armour
 - Level 1.2 Dodging
 + Level 2.1 Shields
 + Level 3.4 Invocations


You had 4 spell levels left.
You didn't know any spells.
Your spell library was empty.

Dungeon Overview and Level Annotations

Branches:
Dungeon (3/15)

Altars:
Sif Muna
Yredelemnul

Annotations:
D:3 Grinder


Innate Abilities, Weirdness & Mutations

You cannot be hasted, slowed, berserked, paralysed or teleported.
You can dig through walls and to a lower floor.
Your four strong arms can wield two-handed weapons with a shield.
You have a pair of large antennae on your head. (SInv)


Message History

Grinder gestures at you.
Your stasis prevents you from being paralysed.
You are feeling hungry.
You hit Grinder but do no damage.
Grinder looks even sicker.
Grinder is severely wounded.
Grinder misses you.
You hit Grinder but do no damage.
Grinder is severely wounded.
You block Grinder's attack.
You hit Grinder.
Grinder is severely wounded.
Grinder blinks!
You hit Grinder.
Grinder is almost dead.
Grinder closely misses you.
You closely miss Grinder.
Grinder is almost dead.
Grinder gestures at you. Pain shoots through your body!
You die...

##...#########)######.##.........
##...#########..#####)##.........
++..............).....(..>.......
##...######.........###..........
##...# #.........# #..........
###### #.........# #..(....... #
#.........# #....)..... #
#.........# #.......... #
#.....@...# #....._.... #
#......5..###.....8..^.
######.####......._...# #..#
#...........# ##.###....(##.#..#
#..##.....#..#.##
##.##.....#.##.# #.##.....#.#..##
#.##............


You could see Grinder.

Vanquished Creatures
  Jessica (D:2)
  Terence (D:3)
  5 adders
  2 oozes (D:1)
  3 worms (D:2)
  3 dart slugs
  3 leopard geckos
  4 orcs (D:3)
  A giant cockroach (D:3)
  10 goblins
  4 hobgoblins
  3 jackals (D:3)
  A ball python (D:1)
  A bat (D:1)
  A frilled lizard (D:3)
  8 kobolds
  5 rats
56 creatures vanquished.

Notes
Turn   | Place    | Note
-------+----------+-------------------------------------------
     0 | Abyss:1  | KnightedAnt the Formicid Abyssal Knight began the quest for
                  | the Orb.
     0 | Abyss:1  | Reached XP level 1. HP: 18/18 MP: 2/2
   179 | Abyss:1  | Noticed a spatial vortex
   181 | Abyss:1  | Noticed a large abomination
   182 | D:1      | Escaped the Abyss
   309 | D:1      | Reached skill level 1 in Dodging
   571 | D:1      | Reached XP level 2. HP: 10/24 MP: 3/3
   802 | D:1      | Reached * piety under Lugonu
  1224 | D:1      | Reached XP level 3. HP: 25/29 MP: 4/4
  1262 | D:2      | Noticed Jessica
  1275 | D:2      | Killed Jessica
  1275 | D:2      | Reached skill level 1 in Shields
  1275 | D:2      | Reached XP level 4. HP: 33/37 MP: 6/6
  1965 | D:2      | Reached XP level 5. HP: 22/42 MP: 7/7
  2160 | D:2      | Reached skill level 4 in Fighting
  2650 | D:3      | Noticed Terence
  2681 | D:3      | Killed Terence
  2925 | D:3      | Found a basalt altar of Yredelemnul.
  2927 | D:3      | Found a deep blue altar of Sif Muna.
  2958 | D:3      | Reached ** piety under Lugonu
  3218 | D:3      | Noticed Grinder
  3260 | D:3      | Killed from afar by Grinder

Vault maps used:
D:1:      beargit_arrival_greenhouse
D:2:      minmay_misc_feat_x, uniq_jessica
D:3:      chequers_temple_overflow_statue_of_worship, okawaru_altar_gauntlet_db,
          uniq_grinder, uniq_terence

Skill      XL: |  1  2  3  4  5 |
---------------+----------------+-----
Dodging        | 1 |  1.2
Shields        | 1 2 |  2.1
Invocations    | 3 |  3.4
Armour         | 3 |  3.3
Fighting       | 4 |  4.2
Long Blades    | 3 |  3.0

Action                   |  1- 3 |  4- 6 || total
-------------------------+-------+-------++-------
Melee: Falchion          |    24 |       ||    24
       Spear             |    28 |    48 ||    76
       Dagger            |       |    67 ||    67
Invok: Depart the Abyss  |     1 |       ||     1
 Abil: Dig               |       |     1 ||     1
  Use: Potion            |       |     1 ||     1
  Eat: Chunk             |     1 |     6 ||     7
Armor: Leather armour    |     8 |    21 ||    29
Dodge: Dodged            |    28 |    43 ||    71
Block: Buckler           |     3 |    17 ||    20
       Rpst.: Falchion   |     5 |       ||     5

Table legend:
 A = Non-vault XP
 B = Vault XP
 C = Vault XP percentage of total XP
 D = Non-vault monster count
 E = Vault monster count
 F = Vault count percentage of total count
                 A         B        C        D         E       F
            +---------+---------+-------+---------+---------+-------
      Total |     180 |      69 |  27.7 |      54 |       2 |   3.6
            +---------+---------+-------+---------+---------+-------
        D:1 |      44 |       0 |   0.0 |      17 |       0 |   0.0
        D:2 |      83 |      37 |  30.8 |      19 |       1 |   5.0
        D:3 |      53 |      32 |  37.6 |      18 |       1 |   5.3
            +---------+---------+-------+---------+---------+-------
